 Dungeon Crawl Stone Soup version 0.28-a0-577-gb193047a1f (webtiles) character file.

Game seed: 13384734062281033661

91 pokeman the Magician (level 4, 0/25 HPs)
             Began as a Deep Elf Hedge Wizard on Oct 2, 2021.
             Slain by an orc (8 damage)
             ... on level 3 of the Dungeon.
             The game lasted 00:05:04 (2532 turns).

pokeman the Magician (Deep Elf Hedge Wizard)        Turns: 2532, Time: 00:05:05

Health: 0/25       AC:  3    Str:  7    XL:     4   Next: 33%
Magic:  6/13       EV: 13    Int: 20    God:
Gold:   23         SH:  0    Dex: 20    Spells: 3/14 levels left

rFire   . . .      SeeInvis .   f - +0 mace
rCold   . . .      Faith    .   (no shield)
rNeg    . . .      Spirit   .   b - +0 robe
rPois   .          Reflect  .   l - +0 helmet
rElec   .          Harm     .   (no cloak)
rCorr   .          Rampage  .   (no gloves)
Will    .....                   (no boots)
Stlth   ++........              (no amulet)
HPRegen 0.08/turn               e - +6 ring of dexterity
MPRegen 0.13/turn               (no ring)

@: very slightly contaminated
A: no striking features
a: no special abilities


You were on level 3 of the Dungeon.
You visited 1 branch of the dungeon, and saw 3 of its levels.

You collected 23 gold pieces.

Inventory:

Hand Weapons
 f - a +0 mace (weapon)
Missiles
 a - 38 arrows
Armour
 b - a +0 robe (worn)
 g - a +0 buckler
 l - a +0 helmet (worn)
Jewellery
 e - a +6 ring of dexterity (left hand)
Scrolls
 d - 2 scrolls of identify {unknown}
 h - a scroll of teleportation {unknown}
 i - 2 scrolls of amnesia {unknown}
Potions
 c - a potion of cancellation {unknown}
 j - a potion of might {unknown}
 k - a potion of heal wounds {unknown}
 m - a potion of attraction {unknown}


   Skills:
 - Level 1.0 Fighting
 - Level 1.0 Armour
 + Level 2.5 Dodging
 - Level 2.4 Stealth
 + Level 0.5 Shields
 * Level 5.7 Spellcasting
 + Level 2.2 Conjurations
 - Level 1.1 Summonings
 - Level 1.1 Translocations


You had 3 spell levels left.
You knew the following spells:

 Your Spells              Type           Power      Damage    Failure   Level
a - Magic Dart            Conj           56%        1d5       4%          1
b - Mephitic Cloud        Conj/Pois/Air  8%         N/A       24%         3
c - Call Imp              Summ           10%        N/A       11%         2
d - Blink                 Tloc           N/A        N/A       11%         2
e - Conjure Flame         Conj/Fire      10%        6-21      21%         3

Your spell library contained the following spells:

 Spells                   Type           Power      Damage    Failure   Level
 Slow                     Hex            5%         N/A       16%         2
 Freezing Cloud           Conj/Ice/Air   4%         6-21      91%         5
 Simulacrum               Ice/Necr       2%         N/A       100%        6
 Polar Vortex             Ice            2%         N/A       100%        9


Dungeon Overview and Level Annotations

Branches:
Dungeon (3/15)

Altars:

Annotations:
D:1 Loot behind rock
D:3 Natasha


Message History

You closely miss something.
You swing at nothing.
Something hits you. The orc closely misses you.
There is an open door here.
You hit the orc.
The orc is severely wounded.
You barely miss the orc.
The orc hits you with a +0 morningstar of protection.
The orc completely misses you.
You hit the orc.
The orc is moderately wounded.
The orc barely misses you.
Casting: Mephitic Cloud (extremely dangerous; 24% risk of failure)
Confirm with . or Enter, or press ? or * to list all spells.
Aiming: Magic Dart (safe; 4% risk of failure)
Press: ? - help, Shift-Dir - straight line, f - orc
Aim: an orc, wielding a +0 morningstar of protection (moderately wounded, 100% to hit)
The magic dart hits the orc but does no damage.
The orc is moderately wounded.
The orc barely misses you.
Unknown command.
Something hits you but does no damage.
Natasha, Servant of Life and Death comes into view.
Natasha howls an incantation.
Natasha glows brightly for a moment.
Something closely misses Natasha.
Something completely misses the orc.
Natasha casts a spell.
Casting: Magic Dart (safe; 4% risk of failure)
Confirm with . or Enter, or press ? or * to list all spells.
The spell is extremely dangerous to cast (24% risk of failure)!
Continue anyway?
Aiming: Mephitic Cloud (extremely dangerous; 24% risk of failure)
Press: ? - help, Shift-Dir - straight line, f - Natasha, p - orc
Aim: Natasha (chance to affect: 86%) That beam is likely to hit you.
Continue anyway?
You miscast Mephitic Cloud.
You are very lightly contaminated with residual magic.
Energy rips through your body! Natasha completely misses you.
The orc hits you with a +0 morningstar of protection!
You die...

#...... '#....# ........
'....# ......#.. #....#
#####.#.# +....# #.#
#....#### #.# .#
+.......### #.# .#.#
#.#..........# #.# #.#.#
#...@.......# #..
#.#.#+###ho......# ###
.# #......o........# #.#
#....>.5.......#
.#.#+..............#
.#.#.#..............#
###
.#.#.#.#'#o##........###
#..
#.#.#.#.#.###..........#
#.#
#.#.#.#.#.#####.(.....##
#.#


You could see Natasha, a crimson imp (summoned) and 3 orcs.

Vanquished Creatures
  Robin (D:2)
  3 adders
  A worm (D:2)
  An orc (D:3)
  4 ball pythons
  2 bats (D:3)
  2 giant cockroaches
  7 hobgoblins
  2 kobolds (D:1)
  3 quokkas
  2 frilled lizards (D:1)
  13 goblins
  4 rats
45 creatures vanquished.

Notes
Turn   | Place    | Note
-------+----------+-------------------------------------------
     0 | D:1      | pokeman the Deep Elf Hedge Wizard began the quest for the
                  | Orb.
     0 | D:1      | Reached XP level 1. HP: 10/10 MP: 7/7
   293 | D:1      | Reached XP level 2. HP: 15/15 MP: 7/9
  1376 | D:2      | Reached skill level 5 in Spellcasting
  1417 | D:2      | Noticed Robin
  1453 | D:2      | Reached XP level 3. HP: 20/20 MP: 8/11
  1580 | D:1      | Learned a level 3 spell: Mephitic Cloud
  1583 | D:1      | Learned a level 2 spell: Call Imp
  1586 | D:1      | Learned a level 2 spell: Blink
  1590 | D:1      | Learned a level 3 spell: Conjure Flame
  1695 | D:2      | Reached skill level 1 in Armour
  1926 | D:2      | Killed Robin
  1927 | D:2      | Reached skill level 1 in Fighting
  2189 | D:3      | Reached XP level 4. HP: 25/25 MP: 10/13
  2526 | D:3      | Noticed Natasha
  2532 | D:3      | Slain by an orc

Illustrated notes

Levels and vault maps discovered:
D:1:      dpeg_arrival_morbid_curiosity, layout_loops_ring, serial_forest,
          infiniplex_forest_lined_2, infiniplex_forest_clump_medium,
          infiniplex_forest_clump_medium, infiniplex_forest_lined_3,
          infiniplex_forest_join, infiniplex_forest_lined_3, due_unseen_surprise
D:2:      layout_rooms, uniq_robin
D:3:      layout_basic, kennysheep_slug_shrine, uniq_natasha

Skill      XL: |  1  2  3 |
---------------+----------+-----
Spellcasting   | 5 |  5.7
Armour         | 1 |  1.0
Conjurations   | 2 |  2.2
Fighting       | 1 |  1.0
Dodging        | |  2.5
Stealth        | |  2.4
Shields        | |  0.5
Summonings     | |  1.1
Translocations | |  1.1

Action                   |  1- 3 |  4- 6 || total
-------------------------+-------+-------++-------
Melee: Mace              |     4 |     8 ||    12
 Cast: Magic Dart        |   102 |    18 ||   120
       Mephitic Cloud    |     1 |     1 ||     2
 Stab: Confused          |     1 |       ||     1
Armor: Robe              |     2 |     2 ||     4
Dodge: Dodged            |    14 |    10 ||    24

Table legend: (Time is in decaauts)
 A = Elapsed time spent in this place.
 B = Non-inter-level travel time spent in this place.
 C = Inter-level travel time spent in this place.
 D = Time resting spent in this place.
 E = Time spent auto-exploring this place.
 F = Levels seen in this place.
 G = Mean time per level.
                   A        B        C        D        E       F      G
               +--------+--------+--------+--------+--------+-----+--------+
         Total |   2538 |   2466 |     72 |    136 |   1975 |   3 |  846.0 |
       Dungeon |   2538 |   2466 |     72 |    136 |   1975 |   3 |  846.0 |
               +--------+--------+--------+--------+--------+-----+--------+

Top non-repeatable levels by time:
     D:1: 1378 daAuts
     D:2: 806 daAuts
     D:3: 353 daAuts
